[ AOE2 MATCH · #505855001 ]
UnrankedGurjaras vs Malians
Player's team · WIN
Rival team · LOSS
[ REPLAY ANALYSIS · EXTRACTED FROM THE RECORDED GAME ]
Feudal
8:03
Castle
19:43
Imperial
—
| APM avg | 69.6 |
| APM peak | 107 |
| eAPM avg | 37.8 |
| Villagers / military | 75 / 41 |
Focus
⚔️ 51.2% · 🌾 48.8%
Scout Cavalry ×11 · Skirmisher ×10 · Shrivamsha Rider ×6 · Archer ×5 · Monk ×4 · Camel Scout ×4
Feudal
9:16
Castle
21:32
Imperial
—
| APM avg | 43.0 |
| APM peak | 102 |
| eAPM avg | 16.7 |
| Villagers / military | 65 / 27 |
Focus
⚔️ 33.4% · 🌾 66.6%
Monk ×12 · Skirmisher ×8 · Militia ×4 · Cavalry Archer ×2 · Spearman ×1
Match map
Initial resources + every placement click. Lines = walls · curves = elevation contours. ◆ gold · ⬟ stone · ● berries · ✦ relic · ◌ wall gap
Your base· Open — unwalled flank
DS_Alec's base· Open — unwalled flank
Smoothed initial terrain · ◌ = detected wall gap · hover for details
Inputs per minute
— Mettiu - - DS_Alec
Build order — Mettiu
First 150 of 229 actions detected
| 0:00 | Create | Villager (Male) ×4 |
| 0:01 | Build | House |
| 0:02 | Build | House |
| 0:27 | Build | Mill |
| 1:29 | Create | Villager (Male) |
| 1:54 | Create | Villager (Male) |
| 2:20 | Create | Villager (Male) |
| 2:40 | Create | Villager (Male) |
| 2:54 | Create | Villager (Male) |
| 3:12 | Create | Villager (Male) |
| 3:12 | Create | Villager (Male) |
| 3:25 | Build | House |
| 3:32 | Create | Villager (Male) |
| 3:35 | Build | House |
| 3:55 | Create | Villager (Male) |
| 4:00 | Build | House |
| 4:33 | Create | Villager (Male) |
| 4:36 | Build | Lumber Camp |
| 4:43 | Create | Villager (Male) |
| 4:58 | Research | Loom |
| 4:59 | Research | Loom |
| 5:42 | Research | Loom |
| 5:43 | Research | Loom |
| 5:53 | Research | Feudal Age |
| 5:53 | Research | Feudal Age |
| 5:54 | Research | Loom |
| 6:28 | Build | House |
| 7:11 | Build | Barracks |
| 7:48 | Create | Villager (Male) |
| 8:03 | Age | Feudal Age |
| 8:05 | Build | Archery Range |
| 8:24 | Build | Mining Camp |
| 8:26 | Create | Villager (Male) |
| 8:33 | Research | Double-Bit Axe |
| 8:33 | Research | Double-Bit Axe |
| 8:53 | Create | Archer |
| 9:09 | Create | Villager (Male) |
| 9:13 | Build | House |
| 9:15 | Build | Farm |
| 9:29 | Create | Archer |
| 9:33 | Create | Villager (Male) |
| 9:35 | Build | Farm |
| 9:40 | Build | House |
| 9:44 | Create | Villager (Male) |
| 9:55 | Create | Skirmisher |
| 10:07 | Create | Villager (Male) |
| 10:08 | Build | Farm |
| 10:38 | Create | Skirmisher |
| 10:38 | Create | Villager (Male) |
| 10:58 | Create | Skirmisher |
| 11:00 | Create | Villager (Male) |
| 11:13 | Create | Villager (Male) |
| 11:23 | Build | Blacksmith |
| 11:39 | Create | Skirmisher |
| 11:48 | Create | Skirmisher |
| 11:53 | Create | Villager (Male) |
| 12:00 | Build | Watch Tower |
| 12:15 | Research | Fletching |
| 12:15 | Research | Fletching |
| 12:19 | Build | House |
| 12:28 | Create | Skirmisher |
| 12:38 | Create | Skirmisher |
| 12:48 | Create | Villager (Male) |
| 12:48 | Create | Villager (Male) |
| 12:50 | Build | Farm |
| 12:51 | Build | Farm |
| 13:01 | Create | Skirmisher |
| 13:18 | Create | Villager (Male) ×2 |
| 13:41 | Create | Skirmisher |
| 13:46 | Create | Villager (Male) |
| 14:00 | Build | Farm |
| 14:00 | Build | Farm |
| 14:01 | Build | Farm |
| 14:08 | Create | Skirmisher |
| 14:10 | Create | Villager (Male) |
| 14:12 | Build | Farm |
| 14:24 | Build | Farm |
| 14:34 | Create | Villager (Male) |
| 14:37 | Build | Farm |
| 14:49 | Build | House |
| 14:49 | Build | House |
| 14:56 | Create | Archer |
| 15:00 | Create | Villager (Male) |
| 15:09 | Create | Archer |
| 15:19 | Create | Villager (Male) |
| 15:25 | Create | Villager (Male) |
| 15:54 | Create | Villager (Male) |
| 15:56 | Build | Stable |
| 16:01 | Build | House |
| 16:16 | Create | Villager (Male) |
| 16:40 | Create | Villager (Male) |
| 16:46 | Build | Lumber Camp |
| 16:50 | Create | Archer |
| 17:00 | Research | Castle Age |
| 17:01 | Research | Castle Age |
| 17:14 | Build | House |
| 17:16 | Research | Gold Mining |
| 17:30 | Create | Camel Scout |
| 17:31 | Create | Camel Scout |
| 17:33 | Build | Farm |
| 17:36 | Build | Palisade Wall |
| 17:45 | Build | Palisade Wall |
| 17:55 | Create | Camel Scout |
| 17:55 | Create | Camel Scout |
| 17:57 | Build | Farm |
| 17:58 | Build | Farm |
| 18:04 | Create | Villager (Male) |
| 18:19 | Research | Horse Collar |
| 18:40 | Build | Farm |
| 19:18 | Create | Villager (Male) |
| 19:43 | Age | Castle Age |
| 19:51 | Build | Market |
| 19:53 | Create | Villager (Male) |
| 19:55 | Research | Bow Saw |
| 19:55 | Research | Bow Saw |
| 19:55 | Research | Bow Saw |
| 19:56 | Create | Shrivamsha Rider |
| 19:58 | Create | Shrivamsha Rider |
| 20:28 | Build | Town Center |
| 20:31 | Research | Bodkin Arrow |
| 20:38 | Research | Scale Barding Armor |
| 20:47 | Create | Villager (Male) |
| 20:47 | Create | Villager (Male) |
| 20:59 | Create | Villager (Male) |
| 21:12 | Create | Shrivamsha Rider |
| 21:15 | Build | Farm |
| 21:30 | Build | Farm |
| 21:46 | Build | Farm |
| 21:51 | Build | Monastery |
| 21:52 | Create | Villager (Male) |
| 21:53 | Create | Villager (Male) |
| 21:53 | Create | Shrivamsha Rider |
| 22:09 | Build | Farm |
| 22:10 | Create | Villager (Male) |
| 22:11 | Build | Farm |
| 22:20 | Build | Farm |
| 22:25 | Create | Villager (Male) |
| 22:29 | Build | Farm |
| 22:33 | Build | Farm |
| 22:34 | Research | Heavy Plow |
| 22:35 | Create | Villager (Male) |
| 22:46 | Create | Monk |
| 22:46 | Create | Monk |
| 23:06 | Create | Villager (Male) |
| 23:07 | Build | Outpost |
| 23:23 | Build | Town Center |
| 23:28 | Create | Villager (Male) |
| 23:33 | Build | House |
| 23:35 | Research | Town Watch |
| 23:35 | Research | Town Watch |
Build order — DS_Alec
First 150 of 169 actions detected
| 0:00 | Create | Villager (Male) |
| 0:00 | Create | Villager (Male) |
| 0:00 | Create | Villager (Male) |
| 0:03 | Build | House |
| 0:04 | Build | House |
| 0:10 | Create | Villager (Male) |
| 1:24 | Create | Villager (Male) |
| 1:25 | Create | Villager (Male) |
| 1:51 | Create | Villager (Male) |
| 2:22 | Create | Villager (Male) |
| 2:52 | Create | Villager (Male) |
| 2:55 | Build | Lumber Camp |
| 3:08 | Create | Villager (Male) |
| 3:09 | Create | Villager (Male) |
| 3:25 | Build | House |
| 3:27 | Create | Villager (Male) |
| 3:30 | Create | Villager (Male) |
| 3:30 | Create | Villager (Male) |
| 3:56 | Create | Villager (Male) |
| 3:57 | Create | Villager (Male) |
| 4:29 | Create | Villager (Male) |
| 4:40 | Create | Villager (Male) |
| 4:40 | Create | Villager (Male) |
| 4:47 | Create | Villager (Male) |
| 4:47 | Create | Villager (Male) |
| 5:12 | Create | Villager (Male) |
| 5:40 | Build | Barracks |
| 6:13 | Research | Loom |
| 6:22 | Build | Mining Camp |
| 6:54 | Build | House |
| 7:05 | Research | Feudal Age |
| 7:44 | Create | Militia |
| 8:09 | Create | Militia |
| 8:12 | Build | Mill |
| 8:34 | Create | Militia |
| 9:11 | Create | Militia |
| 9:16 | Age | Feudal Age |
| 9:20 | Build | Archery Range |
| 9:29 | Create | Villager (Male) |
| 9:40 | Create | Spearman |
| 9:53 | Create | Skirmisher |
| 9:54 | Create | Skirmisher |
| 10:04 | Create | Villager (Male) |
| 10:18 | Build | House |
| 10:43 | Create | Skirmisher |
| 10:45 | Create | Villager (Male) |
| 11:16 | Research | Double-Bit Axe |
| 11:45 | Build | Watch Tower |
| 11:47 | Create | Skirmisher |
| 12:00 | Create | Skirmisher |
| 12:13 | Create | Skirmisher |
| 12:22 | Build | Farm |
| 12:25 | Build | Farm |
| 12:44 | Create | Villager (Male) |
| 12:46 | Build | House |
| 13:03 | Create | Skirmisher |
| 13:42 | Create | Villager (Male) |
| 13:42 | Create | Villager (Male) |
| 13:44 | Build | Farm |
| 13:45 | Build | Farm |
| 13:50 | Create | Skirmisher |
| 14:01 | Build | House |
| 14:10 | Build | Farm |
| 14:16 | Create | Villager (Male) |
| 14:39 | Create | Villager (Male) |
| 15:18 | Create | Villager (Male) |
| 15:23 | Build | Market |
| 15:43 | Create | Villager (Male) |
| 15:48 | Build | Palisade Wall |
| 16:00 | Build | Palisade Wall |
| 16:05 | Build | Palisade Wall |
| 16:19 | Build | Watch Tower |
| 16:28 | Create | Villager (Male) |
| 16:31 | Build | Palisade Wall |
| 16:40 | Build | Palisade Wall |
| 16:46 | Create | Villager (Male) |
| 16:56 | Build | Palisade Wall |
| 17:05 | Create | Villager (Male) |
| 17:24 | Build | Palisade Wall |
| 17:30 | Build | Palisade Wall |
| 17:40 | Build | Mill |
| 17:44 | Create | Villager (Male) |
| 17:47 | Build | House |
| 17:56 | Build | House |
| 18:03 | Create | Villager (Male) |
| 18:06 | Build | House |
| 18:22 | Build | House |
| 18:38 | Build | House |
| 18:52 | Research | Castle Age |
| 18:53 | Research | Castle Age |
| 19:54 | Build | House |
| 20:05 | Build | Palisade Wall |
| 20:08 | Build | House |
| 20:14 | Build | House |
| 20:43 | Build | Farm |
| 20:58 | Build | Farm |
| 21:11 | Build | House |
| 21:16 | Build | House |
| 21:20 | Build | Palisade Wall |
| 21:32 | Age | Castle Age |
| 21:39 | Build | Monastery |
| 21:43 | Build | Monastery |
| 21:50 | Build | Town Center |
| 21:50 | Create | Villager (Male) |
| 22:01 | Create | Monk |
| 22:06 | Create | Villager (Male) |
| 22:11 | Create | Monk |
| 22:12 | Create | Monk |
| 22:17 | Create | Villager (Male) |
| 22:17 | Create | Villager (Male) |
| 22:19 | Build | Farm |
| 22:21 | Research | Gold Mining |
| 22:47 | Create | Villager (Male) |
| 22:48 | Create | Villager (Male) |
| 22:51 | Create | Monk |
| 23:01 | Create | Villager (Male) |
| 23:08 | Create | Villager (Male) |
| 23:11 | Create | Villager (Male) |
| 23:11 | Create | Villager (Male) |
| 23:21 | Create | Villager (Male) |
| 23:45 | Create | Villager (Male) |
| 23:45 | Create | Villager (Male) |
| 23:49 | Build | Town Center |
| 24:16 | Create | Villager (Male) |
| 24:16 | Create | Villager (Male) |
| 24:25 | Create | Villager (Male) |
| 24:43 | Build | Farm |
| 24:56 | Build | House |
| 25:00 | Create | Monk |
| 25:01 | Create | Monk |
| 25:10 | Create | Villager (Male) |
| 25:18 | Create | Villager (Male) |
| 25:23 | Build | Farm |
| 25:46 | Create | Villager (Male) |
| 25:46 | Create | Villager (Male) |
| 25:49 | Build | Farm |
| 25:51 | Build | Farm |
| 25:57 | Research | Sanctity |
| 26:03 | Create | Villager (Male) |
| 26:08 | Create | Villager (Male) |
| 26:11 | Create | Villager (Male) |
| 26:23 | Create | Villager (Male) |
| 26:39 | Build | Castle |
| 26:50 | Create | Monk |
| 26:50 | Create | Monk |
| 26:55 | Create | Villager (Male) |
| 26:56 | Create | Villager (Male) |
| 26:59 | Build | Farm |
| 27:00 | Build | Farm |
| 27:04 | Build | Farm |
Match timeline
| 5:40 | DS_Alec · first_building Barracks |
| 7:11 | Mettiu · first_building Barracks |
| 8:03 | Mettiu · age_up feudal |
| 8:05 | Mettiu · first_building Archery Range |
| 9:16 | DS_Alec · age_up feudal |
| 9:20 | DS_Alec · first_building Archery Range |
| 15:48 | DS_Alec · wall_segment Palisade Wall x11 |
| 15:56 | Mettiu · first_building Stable |
| 16:00 | DS_Alec · wall_segment Palisade Wall x2 |
| 16:05 | DS_Alec · wall_segment Palisade Wall x7 |
| 16:14 | DS_Alec · first_market_buy 100 stone |
| 16:31 | DS_Alec · wall_segment Palisade Wall x4 |
| 16:40 | DS_Alec · wall_segment Palisade Wall x9 |
| 16:56 | DS_Alec · wall_segment Palisade Wall x3 |
| 17:24 | DS_Alec · wall_segment Palisade Wall x1 |
| 17:30 | DS_Alec · wall_segment Palisade Wall x5 |
| 17:36 | Mettiu · wall_segment Palisade Wall x4 |
| 17:45 | Mettiu · wall_segment Palisade Wall x7 |
| 19:43 | Mettiu · age_up castle |
| 20:05 | DS_Alec · wall_segment Palisade Wall x2 |
| 20:27 | Mettiu · first_market_buy 100 stone |
| 21:20 | DS_Alec · wall_segment Palisade Wall x1 |
| 21:32 | DS_Alec · age_up castle |
| 21:39 | DS_Alec · first_building Monastery |
| 21:51 | Mettiu · first_building Monastery |
| 26:34 | Mettiu · wall_segment Palisade Wall x1 |
| 26:39 | DS_Alec · first_building Castle |
| 27:58 | DS_Alec · wall_segment Palisade Wall x1 |
| 28:00 | DS_Alec · wall_segment Palisade Wall x1 |
| 28:01 | DS_Alec · wall_segment Palisade Wall x1 |
| 28:02 | DS_Alec · wall_segment Palisade Wall x1 |
| 28:03 | DS_Alec · wall_segment Palisade Wall x1 |
| 28:05 | DS_Alec · wall_segment Palisade Wall x1 |
| 28:23 | DS_Alec · resign |
[ AI ANALYSIS · 1 CREDIT ]
What really happened in this match?
Wolo.gg analyzes every decision: build order, eco, micro, common mistakes by bracket. Personalized analysis on WhatsApp or Discord in 30 seconds.
Civ guide
Gurjaras
Perfil
Jugador #211777